 Dungeon Crawl Stone Soup version 0.24-a0-235-g3f03afc (webtiles) character file.

Game seed: 17285154408932728465

13147 xeno23 the Carver (level 12, -2/77 HPs)
             Began as an Octopode Assassin on Apr 5, 2019.
             Was a Priest of Uskayaw.
             Slain by an unseen horror (6 damage)
             ... on level 10 of the Dungeon.
             The game lasted 00:51:07 (11692 turns).

xeno23 the Carver (Octopode Assassin)              Turns: 11692, Time: 00:51:07

Health: -2/77      AC:  3    Str: 11    XL:     12   Next: 3%
Magic:  15/15      EV: 16    Int: 14    God:    Uskayaw [***...]
Gold:   284        SH:  8    Dex: 17    Spells: 10/15 levels left

rFire    + . .     SeeInvis .   a - +10 scimitar of Untimely Demise {slice, rF+}
rCold    . . .     Gourm    .   h - +3 buckler
rNeg     . . .     Faith    .   J - +2 hat {MR+}
rPois    .         Spirit   .   E - amulet of magic regeneration
rElec    .         Reflect  .   e - ring of flight
rCorr    .         Harm     .   r - ring of stealth
MR       +....                  F - ring of wizardry
Stlth    ++++++....             (no ring)
HPRegen  0.22/turn              (no ring)
MPRegen  0.39/turn              (no ring)
                                (no ring)
                                (no ring)

@: no status effects
A: almost no armour, stealthy swim, amphibious, 8 rings, constrict 8, camouflage
1, blurry vision 2, gelatinous body 1, no potion heal 1
a: Stomp, Line Pass, Renounce Religion, Evoke Flight


You were on level 10 of the Dungeon.
You worshipped Uskayaw.
Uskayaw was noncommittal.
You were not hungry.

You visited 2 branches of the dungeon, and saw 11 of its levels.

You collected 677 gold pieces.
You spent 393 gold pieces at shops.

Inventory:

Hand Weapons
 a - the +10 scimitar of Untimely Demise (weapon) {slice, rF+}
   (You bought it in a shop on level 5 of the Dungeon)

   It inflicts extra damage upon your enemies.
   It protects you from fire.
 d - a +0 dagger of venom
 s - a +0 blowgun
 K - a +4 scimitar of flaming
Missiles
 c - 17 poisoned needles
 t - a throwing net (quivered)
 C - a curare-tipped needle
Armour
 h - a +3 buckler (worn)
 J - a +2 hat of magic resistance (worn)
Jewellery
 e - a ring of flight (left tentacle)
 r - a ring of stealth (right tentacle)
 E - an amulet of magic regeneration (around mantle)
 F - a ring of wizardry (on tentacle)
Wands
 v - a wand of digging (5)
 y - a wand of iceblast (8)
 B - a wand of flame (39)
 L - a wand of paralysis (9)
 O - a wand of polymorph (12)
Scrolls
 b - 2 scrolls of blinking
 g - 2 scrolls of remove curse
 i - 3 scrolls of enchant weapon
 k - 2 scrolls of noise
 m - 8 scrolls of teleportation
 n - 3 scrolls of amnesia
 p - 3 scrolls of magic mapping
 q - a scroll of identify
 w - 2 scrolls of immolation
 G - a scroll of fear
 P - a scroll of acquirement {unknown}
Potions
 j - a potion of heal wounds
 l - a potion of flight
 o - 4 potions of curing
 u - 2 potions of ambrosia
 x - a potion of might
 z - a potion of agility
 A - 3 potions of brilliance
 D - 2 potions of lignification {unknown}
 H - a potion of berserk rage
 I - a potion of invisibility
 M - a potion of magic {unknown}
Comestibles
 f - 19 rations
 N - 4 chunks of flesh


   Skills:
 + Level 5.0 Fighting
 - Level 5.2(10.4) Short Blades
 - Level 13.6(14.0) Long Blades
 - Level 4.1 Throwing
 + Level 4.4 Dodging
 + Level 8.9 Stealth
 - Level 4.0 Shields
 * Level 2.4 Spellcasting
 - Level 3.0 Hexes
 + Level 4.5 Invocations


You had 10 spell levels left.
You knew the following spells:

 Your Spells              Type           Power        Failure   Level  Hunger
a - Confuse               Hex            ##......     9%          3    ###....
b - Confusing Touch       Hex            ##....       2%          1    #......
v - Apportation           Tloc           #.....       9%          1    #......

Your spell library contained the following spells:

 Spells                   Type           Power        Failure   Level  Hunger
 Corona                   Hex            ##.....      2%          1    #......
 Ensorcelled Hibernation  Hex/Ice        #.....       8%          2    ###....
 Animate Skeleton         Necr           N/A          9%          1    #......
 Summon Small Mammal      Summ           #...         9%          1    #......
 Tukima's Dance           Hex            ##......     9%          3    ###....
 Dazzling Spray           Conj/Hex       #.....       16%         3    ###....


Dungeon Overview and Level Annotations

Branches:
Dungeon (10/15)            Temple (1/1) D:4
   Lair: D:8-11         Orc: D:9-12

Altars:
Ashenzari
Cheibriados
Dithmenos
Elyvilon
Fedhas
Gozag
Hepliaklqana
Kikubaaqudgha
Makhleb
Nemelex Xobeh
Okawaru
Qazlal
Ru
Sif Muna
Trog
Uskayaw
Vehumet
Wu Jian
Xom
Yredelemnul
Zin
The Shining One

Shops:
D:5 ((?=

Annotations:
D:8 3 runed translucent doors, Duffy's ghost, novice DEFE


Innate Abilities, Weirdness & Mutations

You cannot wear most types of armour.
You are very stealthy in the water. (Stealth+)
You are amphibious.
You can wear up to eight rings at the same time.
You can use your tentacles to constrict eight enemies at once.
Your skin changes colour to match your surroundings (Stealth+).
Your rubbery body absorbs attacks. (AC +1, EV +1)
Scrolls take you longer to read.
Potions are less effective at restoring your health.


Message History

You take 5 damage.
Unknown command.
Okay, then.
Unknown command.
Your system partially rejects the healing.
You feel better. Something hits you but does no damage. Something hits you.
* * * LOW HITPOINT WARNING * * *
You see here a dagger.
You take 1 damage.
Something hits you.
* * * LOW HITPOINT WARNING * * *
You take 4 damage.
Something hits you.
* * * LOW HITPOINT WARNING * * *
Something hits you!
* * * LOW HITPOINT WARNING * * *
You take 14 damage.
Something hits you.
You die...

### #.........#.###
.#.##
#.........#.#.##...(.+
####'###........h.#.#
####
#.######...##(g..#
..)# #.#........#....#
##.# #.#.####...#....#
#.# #.# #.).)..# #.#
#.# #.#......# #.# #.#
#@######## #.#
#.#......# #.#
#.######## #.######.#
#.)......# #######..#
#.....# #.##.## #....#


There were no monsters in sight!

Vanquished Creatures
  Gastronok (D:9)
  Erica (D:9)
  Nergalle (D:10)
  3 wizards (D:7)
  Pikel (D:6)
  An orc sorcerer (D:7)
  A cyclops (D:10)
  Maurice (D:10)
  Psyche (D:10)
  A gargoyle (D:10)
  A troll (D:9)
  Prince Ribbit (D:6)
  2 wyverns
  6 yaks
  Grum (D:10)
  2 hungry ghosts (D:9)
  The ghost of xeno23 the Sneak, an amateur OpAs (D:4)
  A water moccasin (D:8)
  Duvessa (D:6)
  3 sky beasts
  2 orc warriors
  A slave (D:6)
  3 ice beasts
  2 phantoms
  2 wolves (D:10)
  8 ogres
  A necrophage (D:7)
  2 centaurs
  A big kobold (D:4)
  5 bullfrogs
  Dowan (D:6)
  4 scorpions
  7 killer bees
  3 wights (D:9)
  6 crimson imps
  A centaur zombie (D:8)
  5 jellies
  3 hounds
  Crazy Yiuf (D:6)
  2 bullfrog skeletons
  2 orc priests
  10 orc wizards
  3 iguanas
  6 worker ants
  A hound skeleton (D:10)
  4 gnolls (D:5)
  8 adders
  2 shadow imps
  7 oozes (D:2)
  An adder skeleton (D:8)
  2 worms (D:2)
  2 dart slugs
  2 leopard geckos
  25 orcs
  8 bats
  6 giant cockroaches
  8 goblins
  3 hobgoblins
  23 jackals
  6 quokkas
  5 ball pythons
  A ball python skeleton (D:4)
  7 frilled lizards
  10 kobolds
  A leopard gecko zombie (D:3)
  7 rats
  2 bushes (D:1)
  3 plants
256 creatures vanquished.

Vanquished Creatures (others)
  A plant (D:8)
  5 toadstools (D:2)
6 creatures vanquished.

Grand Total: 262 creatures vanquished

Notes
Turn   | Place    | Note
-------+----------+-------------------------------------------
     0 | D:1      | xeno23 the Octopode Assassin began the quest for the Orb.
     0 | D:1      | Reached XP level 1. HP: 14/14 MP: 1/1
   121 | D:1      | Reached XP level 2. HP: 19/19 MP: 2/2
   524 | D:1      | Reached XP level 3. HP: 12/24 MP: 3/3
  1377 | D:2      | Noticed a scorpion
  1389 | D:2      | Killed a scorpion
  1389 | D:2      | Reached skill level 1 in Shields
  1389 | D:2      | Reached XP level 4. HP: 30/30 MP: 4/4
  1859 | D:2      | Reached XP level 5. HP: 26/35 MP: 5/5
  2634 | D:2      | Reached XP level 6. HP: 41/41 MP: 6/6
  2877 | D:3      | Found a shimmering altar of Xom.
  3568 | D:4      | Reached XP level 7. HP: 46/46 MP: 7/7
  3662 | D:4      | Noticed a wyvern
  3672 | D:4      | Killed a wyvern
  3762 | D:4      | Found a large runed translucent door.
  3763 | D:4      | Found a large runed translucent door.
  3769 | D:4      | Noticed xeno23's ghost (amateur OpAs)
  3784 | D:4      | Found a staircase to the Ecumenical Temple.
  3811 | Temple   | Entered the Ecumenical Temple
  4096 | Temple   | Became a worshipper of Uskayaw the Reveler
  4334 | D:4      | Reached * piety under Uskayaw
  4340 | D:4      | Reached ** piety under Uskayaw
  4341 | D:4      | Reached skill level 1 in Invocations
  4646 | D:4      | Reached *** piety under Uskayaw
  4650 | D:4      | Reached XP level 8. HP: 23/54 MP: 7/9
  4653 | D:4      | Reached **** piety under Uskayaw
  4676 | D:4      | HP: 2/54 [orc wizard/+0 dagger (4)]
  5208 | D:4      | Killed xeno23's ghost
  5324 | D:5      | Entered Level 5 of the Dungeon
  5392 | D:5      | Found Amowuso's Weapon Shoppe.
  5392 | D:5      | Found Zudyratu's Antique Weapon Shop.
  5446 | D:5      | Found Runtinuj's Magic Scroll Emporium.
  5457 | D:5      | Learned a level 1 spell: Confusing Touch
  5459 | D:5      | Learned a level 1 spell: Apportation
  5494 | D:5      | Reached skill level 5 in Short Blades
  5546 | D:5      | Found Weunla's Jewellery Emporium.
  5624 | D:5      | Found a snail-covered altar of Cheibriados.
  5634 | D:5      | Reached skill level 1 in Hexes
  5988 | D:5      | Bought an ancient scimitar for 243 gold pieces
  5989 | D:5      | Identified the +10 scimitar of Untimely Demise {slice, rF+}
                  | (You bought it in a shop on level 5 of the Dungeon)
  6072 | D:6      | Reached skill level 1 in Long Blades
  6077 | D:6      | Reached XP level 9. HP: 52/58 MP: 11/11
  6108 | D:6      | You fall through a shaft!
  6129 | D:7      | Reached skill level 2 in Long Blades
  6428 | D:7      | Reached skill level 3 in Long Blades
  6572 | D:7      | Noticed a wizard
  6572 | D:7      | Noticed a wizard
  6606 | D:8      | Found a burning altar of Makhleb.
  6669 | D:8      | Reached skill level 4 in Long Blades
  6763 | D:8      | Reached skill level 5 in Long Blades
  6769 | D:8      | Reached ***** piety under Uskayaw
  6851 | D:7      | Reached skill level 6 in Long Blades
  6867 | D:7      | Killed a wizard
  6867 | D:7      | Reached skill level 7 in Long Blades
  6964 | D:6      | Noticed Pikel
  6976 | D:6      | Killed Pikel
  6976 | D:6      | Reached skill level 8 in Long Blades
  6976 | D:6      | Reached XP level 10. HP: 56/64 MP: 12/12
  7016 | D:6      | Noticed Prince Ribbit
  7034 | D:6      | Killed Prince Ribbit
  7034 | D:6      | Reached skill level 9 in Long Blades
  7171 | D:6      | Noticed Duvessa
  7171 | D:6      | Noticed Dowan
  7178 | D:6      | Killed Duvessa
  7181 | D:6      | Killed Dowan
  7287 | D:6      | Found a runed translucent door.
  7288 | D:6      | Noticed Crazy Yiuf
  7295 | D:6      | Killed Crazy Yiuf
  7488 | D:7      | Noticed an orc sorcerer
  7607 | D:7      | Paralysed by an orc sorcerer for 7 turns
  7612 | D:7      | Gained mutation: Scrolls take you a little longer to read.
                  | [a neqoxec]
  7615 | D:7      | Gained mutation: Potions are less effective at restoring
                  | your health. [a neqoxec]
  7616 | D:7      | Gained mutation: Scrolls take you longer to read. [a
                  | neqoxec]
  7617 | D:7      | Killed an orc sorcerer
  7617 | D:7      | Reached skill level 10 in Long Blades
  7849 | D:7      | Noticed a wizard
  7850 | D:7      | Killed a wizard
  7858 | D:7      | Killed a wizard
  7858 | D:7      | Reached skill level 11 in Long Blades
  8509 | D:5      | Bought a scroll of identify for 20 gold pieces
  8509 | D:5      | Bought a scroll of identify for 20 gold pieces
  8509 | D:5      | Bought a scroll of identify for 20 gold pieces
  8509 | D:5      | Bought a scroll of remove curse for 30 gold pieces
  8509 | D:5      | Bought a scroll of identify for 20 gold pieces
  8509 | D:5      | Bought a scroll of identify for 20 gold pieces
  8509 | D:5      | Bought a scroll of identify for 20 gold pieces
  8648 | D:8      | Found a runed translucent gate.
  8648 | D:8      | Found a runed translucent gate.
  8648 | D:8      | Found a runed translucent gate.
  8649 | D:8      | Noticed an 11-headed hydra
  8649 | D:8      | Noticed Duffy's ghost (novice DEFE)
  8964 | D:9      | Noticed Gastronok
  9091 | D:9      | Found an opulent altar of Gozag.
  9128 | D:9      | Reached XP level 11. HP: 44/69 MP: 13/13
  9270 | D:9      | Reached skill level 12 in Long Blades
  9703 | D:9      | Killed Gastronok
  9703 | D:9      | Reached skill level 13 in Long Blades
  9923 | D:9      | Noticed Erica
  9998 | D:9      | Killed Erica
 10432 | D:10     | Entered Level 10 of the Dungeon
 10911 | D:10     | Learned a level 3 spell: Confuse
 10915 | D:10     | Noticed Nergalle
 10938 | D:10     | Killed Nergalle
 11066 | D:10     | Noticed Psyche
 11072 | D:10     | Killed Psyche
 11072 | D:10     | Reached skill level 1 in Spellcasting
 11377 | D:10     | Noticed a cyclops
 11380 | D:10     | Killed a cyclops
 11617 | D:10     | Noticed Maurice
 11631 | D:10     | Killed Maurice
 11668 | D:10     | Noticed Grum
 11682 | D:10     | Killed Grum
 11682 | D:10     | Reached skill level 5 in Fighting
 11682 | D:10     | Reached XP level 12. HP: 48/77 MP: 15/15
 11692 | D:10     | Slain by an unseen horror

Levels and vault maps discovered:
D:1:      tarquinn_simple_flora_water_c, layout_loops_ring, serial_forest,
          infiniplex_forest_lined_2, infiniplex_forest_clump_long,
          infiniplex_forest_end_2, infiniplex_forest_lined_room_2,
          infiniplex_forest_end_1, infiniplex_forest_corner_1,
          infiniplex_forest_lined_room_2, infiniplex_forest_clump_long,
          infiniplex_forest_split, infiniplex_forest_clump_medium
D:2:      cheibrodos_fertilizer, layout_basic
D:3:      layout_basic, xom_teletrap_fun
D:4:      layout_cave_pods, minmay_temple_entry_stoned_glass,
          ebering_ghost_disaster_area, first_ration, saegor_snake_ambush
D:5:      layout_cave_pools, cheibriados_altar_1, serial_shops, shop, shop,
          shop, shop
D:6:      layout_rooms, kennysheep_generic_room_12, uniq_duvessa,
          uniq_crazy_yiuf_cottage, uniq_pikel, uniq_prince_ribbit1
D:7:      cheibrodos_wizards_tower, layout_basic, grunt_ogre_cave,
          minmay_three_doors
D:8:      layout_basic, basic_altar, gammafunk_ghost_hydra_chop, st_stairs_4,
          minivault_10
D:9:      layout_gridville, lemuel_altar_in_water, uniq_gastronok, uniq_erica
D:10:     layout_basic, uniq_grum, uniq_maurice, uniq_nergalle, uniq_psyche
Temple:   regret_index_temple_sigil_plot

Skill      XL: |  1  2  3  4  5  6  7  8  9 10 11 |
---------------+----------------------------------+-----
Stealth        | 6 7 8 |  8.9
Shields        | 1 2 3 4 |  4.0
Short Blades   | 3 4 5 |  5.2
Dodging        | 2 3 4 |  4.4
Fighting       | 3 4 5 |  5.0
Throwing       | 3 4 |  4.1
Invocations    | 1 3 4 |  4.5
Hexes          | 2 3 |  3.0
Long Blades    | 1 8 11 13 | 13.6
Spellcasting   | 2 |  2.4

Action                   |  1- 3 |  4- 6 |  7- 9 | 10-12 || total
-------------------------+-------+-------+-------+-------++-------
Melee: Dagger            |   313 |   119 |    17 |     3 ||   452
       Tentacles         |    86 |    25 |    31 |    45 ||   187
       Constrict         |    11 |    22 |    33 |    38 ||   104
       Whip              |       |       |    93 |       ||    93
       Scimitar          |       |       |    59 |   201 ||   260
 Fire: Blowgun           |     2 |     3 |    25 |    38 ||    68
 Cast: Apportation       |       |       |     2 |       ||     2
       Confuse           |       |       |       |     3 ||     3
       Confusing Touch   |       |       |       |     1 ||     1
  Use: Scroll            |       |       |     7 |    18 ||    25
       Potion            |       |       |     1 |     2 ||     3
 Stab: Sleeping          |    13 |    18 |    15 |    17 ||    63
       Distracted        |       |     1 |     1 |     2 ||     4
       Paralysed         |       |       |     4 |    13 ||    17
  Eat: Ration            |     1 |     1 |       |       ||     2
       Chunk             |       |     1 |    11 |    18 ||    30
Armor: Skin              |     1 |     4 |     6 |     6 ||    17
Dodge: Dodged            |    16 |    45 |    71 |    53 ||   185
Block: Buckler           |     3 |    22 |    42 |    50 ||   117
       Rpst.: Scimitar   |       |       |     9 |    16 ||    25

Table legend:
 A = Non-vault XP
 B = Vault XP
 C = Vault XP percentage of total XP
 D = Non-vault monster count
 E = Vault monster count
 F = Vault count percentage of total count
                 A         B        C        D         E       F
            +---------+---------+-------+---------+---------+-------
      Total |    8958 |    9824 |  52.3 |     208 |      42 |  16.8
            +---------+---------+-------+---------+---------+-------
        D:1 |      42 |       0 |   0.0 |      26 |       0 |   0.0
        D:2 |     140 |     193 |  58.0 |      24 |      17 |  41.5
        D:3 |     140 |       0 |   0.0 |      10 |       0 |   0.0
        D:4 |     835 |     200 |  19.3 |      25 |       5 |  16.7
        D:5 |     525 |       0 |   0.0 |      20 |       0 |   0.0
        D:6 |     511 |    1184 |  69.9 |      14 |       5 |  26.3
        D:7 |     996 |    2816 |  73.9 |      17 |       5 |  22.7
        D:8 |     767 |     247 |  24.4 |      14 |       2 |  12.5
        D:9 |    3191 |    3126 |  49.5 |      36 |       2 |   5.3
       D:10 |    1811 |    2058 |  53.2 |      22 |       6 |  21.4
            +---------+---------+-------+---------+---------+-------
